 Dungeon Crawl Stone Soup version 0.15-a0-39-g424acf8 (webtiles) character file.

237 EdwardR the Skirmisher (level 4, -10/40 HPs)
             Began as a Hill Orc Fighter on Apr 3, 2014.
             Killed by divine providence
             ... invoked by an orc priest
              (11 damage)
             ... on Level 4 of the Dungeon.
             The game lasted 00:08:41 (2769 turns).

EdwardR the Skirmisher (Hill Orc Fighter)           Turns: 2769, Time: 00:08:41

HP -10/40        AC  7     Str 19      XL: 4   Next: 49%
MP   4/4         EV  6     Int  6      God:
Gold 151         SH 18     Dex 10      Spells:  0 memorised,  3 levels left

rFire  . . .     SeeInvis .     a - +1,+0 war axe
rCold  . . .     Clarity  +     b - +0 scale mail
rNeg   . . .     Conserve .     c - +0 shield
rPois  .         rCorr    .     (no helmet)
rElec  .         rRot     .     (no cloak)
SustAb + .       Spirit   .     (no gloves)
rMut   .         Warding  .     (no boots)
Saprov + . .     Stasis   .     l - amulet of clarity
MR     .....                    s - cursed -2 ring of intelligence
                                h - ring of sustain abilities

@: not resistant to hostile enchantments, extremely unstealthy
A: saprovore 1
a: Convert to Beogh


You were on level 4 of the Dungeon.
You were very hungry.

You visited 1 branch of the dungeon, and saw 4 of its levels.

You collected 151 gold pieces.

Inventory:

Hand weapons
 a - a +1,+0 war axe (weapon)
Armour
 b - a +0 scale mail (worn)
 c - a +0 shield (worn)
 o - a +0 plate armour
Magical devices
 t - a wand of slowing (13) {unknown}
Comestibles
 d - 2 meat rations
 i - an apple
 n - 2 bread rations
 q - a choko
 r - 11 grapes
Scrolls
 m - a scroll of amnesia
 p - a scroll of immolation {unknown}
 u - 2 scrolls of remove curse {unknown}
Jewellery
 h - a ring of sustain abilities (left hand)
 j - an uncursed amulet of inaccuracy {unknown}
 k - an uncursed amulet of inaccuracy {unknown}
 l - an amulet of clarity (around neck)
 s - a cursed -2 ring of intelligence (right hand)
Potions
 e - a potion of might
 f - a potion of agility
 g - 3 potions of curing
 v - 3 potions of heal wounds
 w - a potion of haste


   Skills:
 + Level 4.1 Fighting
 * Level 3.7 Axes
 + Level 3.9 Armour
 * Level 1.4 Dodging
 + Level 3.7 Shields


You had 3 spell levels left.
You didn't know any spells.

Dungeon Overview and Level Annotations

Branches:
Dungeon (4/15)
 Temple: D:4-7

Altars:
Fedhas
Zin

Annotations:
D:4 Edmund


Innate Abilities, Weirdness & Mutations

You can tolerate rotten meat.


Message History

The orc priest calls down the wrath of Beogh upon you.
You barely resist.
The orc priest mumbles some strange prayers to Beogh against you.
Something smites you!
Edmund drinks a potion.
Edmund seems to speed up.
You hit Edmund but do no damage. You block Edmund's attack.
Edmund barely misses you.
You barely miss Edmund. You block Edmund's attack.
You slash Edmund!
Edmund is moderately wounded.
Edmund hits you with a dire flail. You block Edmund's attack.
The orc priest barely misses you. Edmund hits you but does no damage.
The orc priest calls down the wrath of Beogh upon you.
Something smites you!
* * * LOW HITPOINT WARNING * * *
Found 23 stones.
You block the rat's attack.
The orc priest invokes the aid of Beogh against you.
Something smites you!
You die...

...#######.............
........#.....#....#.
#..........#....#
#....#.....#...>#
#.###............
..###.##.###............
..............o.........
..###.##.###..r@........
.. .........@........
###.##.####...........
.. ................ #
................
##.....#.........
#..............
#.....##...... . #(....
#..


You could see Edmund, an orc priest and a rat.

Vanquished Creatures
  3 adders
  A worm (D:3)
  A giant gecko (D:3)
  An orc (D:3)
  2 bats
  3 giant cockroaches
  10 goblins
  8 hobgoblins
  4 jackals (D:1)
  8 giant newts
  A hobgoblin skeleton (D:3)
  5 kobolds
  A quokka (D:3)
  6 rats
54 creatures vanquished.

Notes
Turn   | Place    | Note
--------------------------------------------------------------
     0 | D:1      | EdwardR, the Hill Orc Fighter, began the quest for the Orb.
     0 | D:1      | Reached XP level 1. HP: 19/19 MP: 1/1
   217 | D:1      | Reached XP level 2. HP: 21/27 MP: 2/2
   878 | D:2      | Found a blossoming altar of Fedhas.
  1014 | D:2      | Reached XP level 3. HP: 33/33 MP: 3/3
  1471 | D:3      | Found a glowing silver altar of Zin.
  1547 | D:3      | Reached skill level 1 in Dodging
  1568 | D:3      | Reached skill level 4 in Fighting
  1894 | D:3      | Reached XP level 4. HP: 15/40 MP: 4/4
  2760 | D:4      | Noticed Edmund
  2768 | D:4      | HP: 1/40 [orc priest/divine providence (15)]
  2769 | D:4      | Killed from afar by an orc priest

Action                   |  1- 3 |  4- 6 || total
-------------------------+-------+-------++-------
Melee: War axe           |   116 |    50 ||   166
  Use: Potion            |     3 |       ||     3
       Scroll            |     6 |     2 ||     8
